Map: [ESL] Royal Blood

Players

goblin - Winner!

  • Race: Protoss Protoss
  • Spawn Location: 7:00

Strange

  • Race: Protoss Protoss
  • Spawn Location: 1:00

Event: ESL SC2 Masters 2023 Summer (Regionals)

VOD

Have the link to the VOD?

Description

Time

  • Played on: May 10, 2023, 10:16 a.m.
  • Length: 11:54

All games in this series

Show
View Real Time Build Order
Export as new Build Order

goblin Protoss - Winner!

Build Orders: Blink Stalkers 

Get SALT Encoding   

  12  0:00  Probe  
  13  0:12  Probe  
  14  0:17  Pylon  
  14  0:24  Probe (Chrono Boost)  
  15  0:36  Probe (Chrono Boost)  
  15  0:37  Gateway  
  16  0:44  Probe (Chrono Boost)  
  16  0:46  Assimilator  
  17  0:51  Probe  
  17  0:54  Assimilator  
  18  1:03  Probe (Chrono Boost)  
  19  1:09  Gateway  
  19  1:12  Probe (Chrono Boost)  
  19  1:17  Probe (Chrono Boost)  
  20  1:24  Cybernetics Core  
  21  1:29  Probe  
  22  1:34  Pylon  
  22  1:41  Probe  
  23  1:53  Probe  
  24  2:00  Stalker  
  28  2:01  Warp Gate  
  28  2:06  Pylon, Sentry  
  29  2:08  Probe  
  29  2:16  Pylon  
  29  2:22  Probe  
  30  2:29  Stalker  
  32  2:30  Sentry  
  35  2:49  Nexus  
  34  2:51  Probe  
  35  3:01  Pylon  
  35  3:05  Stalker  
  35  3:08  Probe  
  38  3:16  Twilight Council  
  38  3:20  Sentry  
  38  3:23  Probe  
  41  3:35  Probe  
  42  3:47  Probe  
  43  3:51  Blink (Chrono Boost)  
  43  3:52  Stalker x2  
  47  4:01  Probe (Chrono Boost)  
  49  4:06  Probe (Chrono Boost)  
  50  4:10  Probe (Chrono Boost), Shield Battery  
  50  4:14  Probe (Chrono Boost)  
  50  4:15  Probe (Chrono Boost)  
  51  4:24  Stalker x2  
  51  4:25  Probe  
  51  4:27  Probe  
  51  4:30  Pylon  
  57  4:37  Probe  
  58  4:39  Probe  
  58  4:45  Assimilator  
  59  4:48  Robotics Facility  
  59  4:49  Probe  
  59  4:50  Stalker  
  59  4:52  Probe  
  63  4:53  Shield Battery  
  63  4:57  Stalker  
  65  5:02  Shield Battery  
  65  5:03  Pylon  
  65  5:04  Probe  
  66  5:16  Stalker  
  68  5:21  Stalker  
  68  5:25  Probe x2  
  68  5:27  Pylon  
  72  5:30  Forge  
  72  5:38  Observer (Chrono Boost)  
  72  5:42  Nexus  
  73  5:43  Pylon  
  73  5:47  Assimilator  
  72  5:51  Observer (Chrono Boost)  
  72  5:53  Stalker x2  
  72  5:55  Probe  
  70  6:11  Probe x2  
  70  6:13  Protoss Ground Weapons Level 1 (Chrono Boost)  
  70  6:16  Stalker x2  
  76  6:24  Immortal (Chrono Boost)  
  76  6:27  Shield Battery  
  76  6:32  Probe x2  
  82  6:44  Probe x2  
  82  6:46  Robotics Bay  
  84  6:51  Gateway, Observer  
  84  6:54  Gateway  
  84  6:56  Immortal (Chrono Boost)  
  88  7:01  Probe  
  88  7:02  Probe  
  88  7:04  Observer  
  88  7:07  Shield Battery  
  88  7:21  Observer  
  88  7:26  Observer, Stalker x2  
  92  7:30  Disruptor (Chrono Boost)  
  95  7:38  Photon Cannon  
  95  7:40  Photon Cannon  
  95  7:41  Pylon  
  95  7:45  Probe x3, Observer  
  95  7:50  Pylon  
  98  7:51  Shield Battery  
  98  7:54  Pylon  
  98  7:56  Disruptor (Chrono Boost)  
  98  7:57  Probe, Sentry  
  98  7:58  Stalker  
  106  8:04  Shield Battery  
  104  8:12  Robotics Facility, Protoss Ground Weapons Level 2 (Chrono Boost)  
  103  8:17  Probe x3  
  106  8:22  Disruptor (Chrono Boost)  
  109  8:29  Probe x2, Assimilator  
  109  8:30  Assimilator  
  109  8:32  Probe, Pylon  
  112  8:41  Probe x2  
  113  8:44  Probe  
  115  8:52  Disruptor (Chrono Boost)  
  118  8:57  Stalker x4  
  126  9:03  Photon Cannon  
  126  9:07  Disruptor (Chrono Boost)  
  129  9:22  Disruptor  
  118  9:29  Sentry  
  118  9:30  Disruptor, Zealot x2, Stalker  
  104  9:46  Probe x2  
  104  9:49  Gateway  
  104  9:51  Gateway  
  94  9:58  Disruptor  
  82  10:01  Probe (Chrono Boost)  
  82  10:02  Probe (Chrono Boost)  
  82  10:05  Stalker  
  82  10:06  Stalker x3  
  81  10:13  Probe x2 (Chrono Boost)  
  83  10:19  Probe (Chrono Boost), Immortal (Chrono Boost)  
  83  10:21  Probe (Chrono Boost)  
  89  10:23  Probe (Chrono Boost)  
  89  10:25  Probe (Chrono Boost)  
  89  10:27  Probe  
  90  10:29  Stalker  
  90  10:30  Stalker x3  
  90  10:32  Probe  
  90  10:34  Observer (Chrono Boost)  
  101  10:46  Stalker x2  
  105  10:52  Disruptor (Chrono Boost)  
  108  10:58  Probe x2  
  108  11:03  Photon Cannon  
  110  11:07  Stalker x4  
  118  11:11  Stalker  
  118  11:14  Stalker  
  118  11:18  Probe x2  
Show
View Real Time Build Order
Export as new Build Order

Strange Protoss 

Build Orders: Phoenix Opening 

Get SALT Encoding   

  12  0:00  Probe  
  13  0:12  Probe  
  14  0:17  Pylon  
  14  0:24  Probe  
  15  0:36  Probe (Chrono Boost)  
  15  0:37  Gateway  
  16  0:46  Probe (Chrono Boost), Assimilator  
  17  0:51  Probe (Chrono Boost)  
  17  0:55  Assimilator  
  18  1:03  Probe (Chrono Boost)  
  19  1:08  Gateway  
  19  1:12  Probe (Chrono Boost)  
  19  1:17  Probe (Chrono Boost)  
  20  1:25  Cybernetics Core  
  21  1:29  Probe  
  22  1:34  Pylon  
  22  1:41  Probe  
  23  1:53  Probe  
  24  1:59  Warp Gate (Chrono Boost)  
  24  2:01  Stalker, Sentry  
  24  2:05  Probe  
  29  2:11  Pylon  
  29  2:18  Probe  
  30  2:27  Pylon  
  30  2:29  Stalker  
  32  2:31  Sentry  
  32  2:35  Phoenix  
  34  2:49  Nexus  
  34  2:54  Shield Battery  
  34  2:57  Probe  
  35  3:09  Probe  
  35  3:11  Pylon  
  36  3:18  Robotics Facility  
  36  3:21  Probe (Chrono Boost)  
  37  3:33  Probe (Chrono Boost)  
  38  3:40  Adept x2  
  43  3:41  Probe (Chrono Boost)  
  43  3:48  Probe  
  44  4:00  Adept  
  44  4:01  Adept  
  49  4:04  Probe x2 (Chrono Boost)  
  49  4:06  Observer (Chrono Boost)  
  51  4:13  Probe (Chrono Boost)  
  51  4:15  Probe (Chrono Boost)  
  51  4:18  Probe (Chrono Boost)  
  50  4:24  Probe  
  50  4:26  Observer (Chrono Boost)  
  50  4:30  Probe, Assimilator  
  53  4:32  Assimilator  
  53  4:35  Twilight Council  
  53  4:36  Forge  
  54  4:42  Pylon  
  53  4:46  Immortal (Chrono Boost)  
  53  4:50  Probe x2  
  59  4:57  Stalker  
  61  5:00  Pylon  
  61  5:02  Probe  
  61  5:03  Probe  
  61  5:04  Observer  
  63  5:07  Protoss Ground Weapons Level 1  
  63  5:10  Blink (Chrono Boost)  
  63  5:14  Probe  
  63  5:17  Probe  
  65  5:27  Immortal  
  69  5:29  Sentry  
  69  5:33  Observer  
  71  5:37  Observer  
  71  5:39  Gateway  
  71  5:43  Stalker  
  71  5:44  Gateway  
  73  5:52  Pylon  
  73  5:53  Stalker  
  71  6:09  Pylon  
  69  6:12  Immortal (Chrono Boost)  
  69  6:15  Pylon  
  73  6:23  Gateway  
  73  6:24  Pylon, Gateway  
  73  6:30  Pylon  
  73  6:34  Sentry  
  73  6:35  Sentry  
  77  6:43  Warp Prism (Chrono Boost), Stalker, Sentry  
  81  6:54  Gateway  
  81  6:55  Gateway, Observer  
  81  6:59  Stalker, Sentry  
  85  7:10  Pylon, Protoss Ground Weapons Level 2 (Chrono Boost)  
  85  7:13  Stalker, Sentry  
  89  7:27  Probe  
  89  7:28  Observer  
  90  7:37  Nexus  
  89  7:38  Pylon  
  89  7:40  Pylon  
  89  7:48  Immortal (Chrono Boost)  
  93  7:53  Stalker  
  95  8:00  Sentry  
  95  8:01  Sentry x2  
  101  8:11  Probe  
  101  8:12  Probe  
  103  8:13  Shield Battery  
  103  8:23  Probe  
  103  8:24  Probe  
  103  8:25  Immortal (Chrono Boost)  
  105  8:28  Observer  
  105  8:29  Stalker, Sentry  
  113  8:43  Stalker x2  
  113  8:46  Pylon  
  117  8:58  Stalker x5  
  117  9:02  Stalker  
  127  9:22  Stalker x5  
  111  9:27  Sentry x2  
  96  9:41  Stalker  
  94  9:47  Stalker x3  
  94  9:48  Stalker x2  
  94  9:52  Stalker  
  78  10:05  Stalker  
  78  10:06  Probe x3  
  71  10:17  Stalker x4  
  71  10:18  Probe  
  71  10:21  Probe x2  
  81  10:23  Assimilator  
  82  10:29  Stalker  
  82  10:30  Probe, Stalker  
  82  10:35  Observer (Chrono Boost)  
  88  10:41  Stalker x2  
  92  10:46  Zealot, Stalker  
  96  10:52  Stalker  
  96  10:54  Observer  
  96  10:56  Stalker, Assimilator  
  100  10:57  Stalker  
  100  11:02  Stalker  
  104  11:07  Stalker  
  106  11:12  Observer, Stalker x2  
  110  11:20  Stalker x2  
  114  11:27  Zealot, Stalker x2  
Tags
 
Add a new tag
Caveats
  • Supply blocks, unpowered buildings, or Contaminate may cause inaccurate times.
  • Supply counts are checked every 10 seconds.